AoeStats
← Lady Macbeth

Arabia

506377606Analyzed
2v2 RM · 19d ago on Sep 13, 2026· 46m 6s· 4 players
Game mode
Random Map
Map size
Medium (4 player)
Population
200
Speed
Normal
Resources
Standard
Victory
Conquest
Starting age
Dark Age
Ending age
Imperial Age
RankedLock teamsTeams togetherTeam positionsShared explorationLock speedFull tech treeHidden civsTurbo modeCheats
Victory
Defeat
🇪🇸 Aztecs · Spain
800
+12
🇪🇸 Franks · Spain
747
+15
🇳🇴 Burgundians · Norway
734
-14
🇳🇴 Mongols · Norway
702
-13
imes
10:51 Feudal Age
17:25 Double-Bit Axe
19:35 Horse Collar
23:07 Castle Age
25:09 Bow Saw
26:42 Wheelbarrow
25:54 Loom
26:19 Heavy Plow
26:59 Pikeman
29:19 Hand Cart
34:22 Squires
34:08 Arson
35:20 Scale Mail Armor
35:30 Forging
35:33 Gold Mining
40:29 Imperial Age
39:30 Chain Mail Armor
43:37 Elite Mangudai
Liamtripuss
6:23 Double-Bit Axe
11:34 Feudal Age
15:18 Horse Collar
18:33 Bow Saw
22:02 Castle Age
22:19 Gold Mining
22:31 Stone Mining
22:09 Cavalier
22:50 Husbandry
28:34 Two-Man Saw
27:52 Heavy Plow
31:42 Scale Barding Armor
31:47 Forging
34:18 Gold Shaft Mining
34:19 Stone Shaft Mining
34:26 Crop Rotation
38:52 Iron Casting
41:18 Imperial Age
39:49 Wheelbarrow
38:59 Town Watch
39:00 Loom
41:09 Hand Cart
40:56 Town Patrol
43:04 Chemistry
42:17 Scale Mail Armor
42:38 Chain Barding Armor
43:18 Blast Furnace
frape.97
1:57 Loom
10:32 Feudal Age
11:08 Double-Bit Axe
11:07 Horse Collar
11:19 Arson
14:13 Town Watch
16:22 Wheelbarrow
18:52 Scale Mail Armor
19:02 Forging
20:11 Padded Archer Armor
20:01 Fletching
23:05 Castle Age
21:52 Gold Mining
22:52 Stone Mining
23:12 Eagle Warrior
23:13 Pikeman
25:04 Squires
25:12 Heavy Plow
25:46 Bow Saw
31:14 Chain Mail Armor
33:24 Atlatl
35:44 Iron Casting
36:51 Ballistics
36:27 Murder Holes
37:37 Gold Shaft Mining
37:47 Hand Cart
38:07 Bodkin Arrow
38:27 Leather Archer Armor
37:36 Elite Skirmisher
44:16 Imperial Age
46:46 Conscription
46:48 Garland Wars
Lady Macbeth
1:54 Loom
11:54 Feudal Age
15:26 Wheelbarrow
14:38 Town Watch
15:08 Double-Bit Axe
23:05 Castle Age
21:16 Gold Mining
22:46 Forging
22:41 Scale Barding Armor
23:21 Light Cavalry
25:04 Hand Cart
25:13 Husbandry
27:11 Iron Casting
29:17 Pikeman
31:25 Squires
34:52 Arson
36:11 Scale Mail Armor
37:49 Bow Saw
38:11 Stone Mining
43:41 Imperial Age
41:11 Town Patrol
41:54 Ballistics
43:45 Gold Shaft Mining
43:38 Murder Holes
43:47 Halberdier
44:05 Cavalier
45:38 Conscription
46:00 Chivalry
45:58 Elite Skirmisher
Connection lost

Rejoining the realm…

Still unreachable

The connection could not be restored.

Session expired

The server has moved on; the page needs a fresh start.